Construct Section Command Post
Selects Australian Defense Battlegroup
Selects Australian Light Infantry Section
Australian Light Infantry Section
Australian Light Infantry Section
Construct Platoon Command Post
Unlock M3 Stuart Light Tanks
Selects 2-pounder Anti-tank Gun Team
2-pounder Anti-tank Gun Team
Unlock Bishop Self-propelled Artillery
Bishop Self-propelled Artillery
Selects Vehicle Over Repair
Construct Company Command Post
Selects CMP 15cwt Supply Run
Selects Reinforced Resource Caches
Unlock M3 Grant Medium Tanks
Selects Charged Creeping Barrage